Map: Acropolis LE

Players

Zazar

  • Race: Terran Terran
  • League: Diamond
  • Spawn Location: 11:00

Daxgar

  • Race: Terran Terran
  • Spawn Location: 5:00

A.I. 2 (Very Easy) - Winner!

  • Race: Terran Terran

VOD

Have the link to the VOD?

Description

Time

  • Played on: June 7, 2019, 12:40 p.m.
  • Length: 3:47
Show
View Real Time Build Order
Export as new Build Order

Zazar Terran 

Build Orders: Gas First Reaper Expand 

Get SALT Encoding   

  12  0:00  SCV  
  13  0:12  SCV  
  14  0:17  Supply Depot  
  14  0:26  SCV  
  15  0:29  Refinery  
  15  0:38  SCV  
  16  0:44  Barracks  
  16  0:50  SCV  
  17  1:02  SCV  
  18  1:15  SCV  
  19  1:31  Reaper  
  19  1:32  Orbital Command  
  20  1:42  Command Center  
  20  1:56  Factory  
  20  1:57  SCV  
  21  2:07  Refinery  
  21  2:10  SCV  
  21  2:11  Barracks Reactor  
  22  2:19  Supply Depot  
  22  2:22  SCV  
  23  2:37  SCV  
  23  2:56  Barracks Tech Lab, Hellion x2  
  23  2:58  SCV  
  28  2:59  Orbital Command  
  28  3:06  Bunker  
  28  3:13  SCV, Starport  
Show
View Real Time Build Order
Export as new Build Order

Daxgar Terran 

Build Orders:  

Get SALT Encoding   

  12  0:00  SCV  
  13  0:13  SCV  
  14  0:17  Supply Depot  
  14  0:37  Refinery  
  14  0:42  Barracks  
  14  1:03  Supply Depot  
  14  1:11  Refinery  
  14  1:29  SCV  
  14  1:30  Marine  
  16  1:41  SCV  
  17  1:53  SCV  
  18  2:01  Marine  
  18  2:05  SCV  
  20  2:18  SCV  
  21  2:30  SCV  
  21  2:33  Marine  
  23  2:42  Orbital Command  
Show
View Real Time Build Order
Export as new Build Order

A.I. 2 (Very Easy) Terran - Winner!

Build Orders:  

Get SALT Encoding   

Tags
 
Add a new tag
Caveats
  • Supply blocks, unpowered buildings, or Contaminate may cause inaccurate times.
  • Supply counts are checked every 10 seconds.